Map: [ESL] Oceanborn

Players

Lemon - Winner!

  • Race: Protoss Protoss
  • Spawn Location: 11:00

Firefly

  • Race: Protoss Protoss
  • Spawn Location: 5:00

Event: ESL SC2 Masters 2024 Spring (Regional)

VOD

Have the link to the VOD?

Description

Time

  • Played on: April 17, 2024, 6:45 a.m.
  • Length: 10:01

All games in this series

Show
View Real Time Build Order
Export as new Build Order

Lemon Protoss - Winner!

Build Orders: Phoenix Opening, Blink Stalkers 

Get SALT Encoding   

  12  0:00  Probe  
  13  0:12  Probe  
  14  0:17  Pylon  
  14  0:24  Probe (Chrono Boost)  
  15  0:36  Probe (Chrono Boost), Gateway  
  16  0:44  Probe (Chrono Boost)  
  16  0:45  Assimilator  
  17  0:51  Probe  
  18  1:03  Probe (Chrono Boost)  
  19  1:04  Assimilator  
  19  1:10  Gateway  
  19  1:12  Probe (Chrono Boost)  
  19  1:17  Probe (Chrono Boost)  
  21  1:26  Cybernetics Core  
  21  1:29  Probe  
  22  1:35  Pylon  
  22  1:41  Probe  
  23  1:53  Probe  
  24  1:57  Pylon  
  24  2:02  Sentry, Warp Gate  
  26  2:14  Nexus  
  26  2:22  Stalker  
  27  2:30  Pylon  
  27  2:32  Phoenix, Probe  
  27  2:35  Sentry  
  31  2:44  Probe  
  31  2:49  Twilight Council  
  31  2:56  Probe (Chrono Boost)  
  32  3:00  Stalker  
  34  3:08  Probe (Chrono Boost)  
  34  3:11  Pylon  
  35  3:14  Probe (Chrono Boost)  
  36  3:21  Blink (Chrono Boost)  
  36  3:23  Phoenix  
  36  3:26  Probe (Chrono Boost)  
  37  3:27  Probe (Chrono Boost)  
  38  3:36  Probe (Chrono Boost)  
  38  3:38  Probe (Chrono Boost)  
  40  3:42  Probe (Chrono Boost)  
  40  3:46  Probe  
  42  3:50  Stalker  
  42  3:51  Stalker  
  42  3:54  Probe  
  47  3:59  Probe  
  48  4:06  Probe  
  49  4:16  Nexus  
  49  4:17  Phoenix  
  49  4:19  Probe x2  
  49  4:22  Pylon  
  51  4:31  Probe x2  
  51  4:32  Forge  
  53  4:43  Probe x2  
  55  4:46  Stalker x2  
  55  4:49  Shield Battery  
  59  4:55  Robotics Facility, Probe x2  
  59  4:58  Protoss Ground Weapons Level 1 (Chrono Boost)  
  61  5:05  Pylon  
  61  5:07  Charge, Probe x2  
  63  5:19  Probe, Gateway x2  
  63  5:20  Probe  
  65  5:24  Stalker  
  65  5:26  Stalker  
  66  5:28  Probe (Chrono Boost)  
  66  5:32  Probe (Chrono Boost)  
  68  5:36  Probe (Chrono Boost)  
  68  5:40  Observer, Probe (Chrono Boost)  
  70  5:43  Probe (Chrono Boost)  
  70  5:46  Probe x2 (Chrono Boost)  
  70  5:48  Probe (Chrono Boost)  
  73  5:53  Gateway  
  73  5:55  Gateway  
  73  5:56  Nexus, Probe  
  75  5:58  Pylon  
  75  6:00  Probe  
  75  6:01  Probe  
  75  6:07  Observer  
  75  6:08  Probe  
  75  6:09  Gateway  
  76  6:12  Probe  
  76  6:14  Probe  
  76  6:15  Gateway  
  78  6:20  Probe  
  78  6:23  Pylon  
  78  6:25  Zealot x4  
  87  6:28  Warp Prism (Chrono Boost)  
  89  6:33  Probe x3  
  89  6:39  Pylon x2  
  92  6:40  Protoss Ground Weapons Level 2 (Chrono Boost)  
  92  6:45  Probe x3  
  95  6:53  Zealot x2  
  95  6:54  Zealot x2  
  103  6:59  Stalker x2  
  103  7:08  Probe x3  
  103  7:09  Probe  
  103  7:13  Stalker x2  
  110  7:19  Zealot, Stalker x3  
  110  7:20  Probe x2  
  110  7:21  Probe  
  121  7:23  Probe  
  122  7:31  Zealot x2  
  122  7:36  Gateway  
  122  7:37  Gateway  
  112  7:44  Zealot x5  
  112  7:45  Zealot  
  112  7:46  Probe x3  
  112  7:50  Pylon  
  117  7:58  Zealot x2  
  117  8:04  Stalker x4  
  117  8:05  Zealot, Stalker  
  127  8:08  Assimilator  
  127  8:10  Assimilator  
  121  8:15  Immortal (Chrono Boost)  
  115  8:21  Zealot x2  
  115  8:29  Zealot x2  
  115  8:30  Zealot x4  
  127  8:38  Stalker x2  
  132  8:42  Pylon  
  132  8:43  Stalker  
  132  8:47  Warp Prism (Chrono Boost)  
  131  8:49  Gateway  
  131  8:50  Photon Cannon  
  131  8:51  Photon Cannon  
  131  8:52  Zealot x5, Stalker  
  131  8:55  Stalker  
  145  9:08  Stalker x2  
  145  9:09  Stalker  
  149  9:13  Zealot x3  
  151  9:33  Pylon, Nexus  
  151  9:34  Zealot x2  
  151  9:35  Pylon  
  151  9:37  Pylon  
  139  9:46  Zealot x9  
  139  9:49  Photon Cannon  
  147  9:56  Zealot x2  
Show
View Real Time Build Order
Export as new Build Order

Firefly Protoss 

Build Orders: Phoenix Opening, Blink Stalkers 

Get SALT Encoding   

  12  0:00  Probe  
  13  0:12  Probe  
  14  0:17  Pylon  
  14  0:24  Probe  
  15  0:36  Probe (Chrono Boost), Gateway  
  16  0:46  Assimilator, Probe (Chrono Boost)  
  17  0:51  Probe (Chrono Boost)  
  18  1:03  Probe (Chrono Boost)  
  19  1:04  Assimilator  
  19  1:08  Pylon  
  19  1:13  Probe (Chrono Boost)  
  19  1:18  Probe (Chrono Boost)  
  20  1:25  Cybernetics Core  
  21  1:29  Probe  
  21  1:31  Zealot  
  24  1:41  Probe  
  25  1:53  Probe  
  26  2:00  Sentry  
  26  2:01  Warp Gate  
  28  2:06  Probe  
  29  2:08  Pylon  
  29  2:23  Nexus  
  29  2:25  Probe  
  30  2:32  Sentry, Phoenix  
  32  2:37  Probe  
  33  2:44  Twilight Council  
  33  2:49  Probe  
  34  2:54  Sentry  
  36  3:02  Probe (Chrono Boost)  
  37  3:06  Pylon  
  38  3:14  Probe (Chrono Boost)  
  38  3:19  Probe (Chrono Boost)  
  38  3:21  Blink  
  39  3:28  Probe (Chrono Boost)  
  40  3:37  Probe (Chrono Boost)  
  40  3:39  Phoenix  
  40  3:40  Probe (Chrono Boost)  
  42  3:42  Shield Battery  
  42  3:46  Gateway  
  42  3:47  Probe (Chrono Boost)  
  44  3:48  Probe (Chrono Boost)  
  44  3:50  Stalker  
  44  3:52  Probe (Chrono Boost)  
  44  3:54  Probe  
  48  4:03  Probe  
  48  4:09  Nexus, Probe  
  50  4:12  Pylon  
  50  4:15  Probe  
  51  4:20  Stalker  
  51  4:21  Probe  
  54  4:26  Assimilator  
  54  4:27  Assimilator, Probe  
  55  4:35  Probe  
  55  4:37  Phoenix, Shield Battery  
  56  4:39  Probe  
  56  4:43  Gateway  
  56  4:44  Gateway  
  57  4:47  Probe  
  57  4:52  Probe  
  59  4:55  Adept x2  
  59  4:59  Probe  
  64  5:01  Robotics Facility  
  64  5:06  Probe  
  65  5:09  Forge  
  65  5:11  Probe  
  66  5:18  Probe  
  67  5:22  Charge, Probe  
  67  5:27  Probe  
  69  5:31  Phoenix, Probe  
  69  5:34  Probe  
  69  5:35  Adept x2  
  71  5:38  Stalker  
  71  5:40  Protoss Ground Weapons Level 1 (Chrono Boost)  
  71  5:41  Probe  
  74  5:46  Gateway  
  74  5:47  Observer  
  74  5:49  Gateway  
  74  5:51  Gateway  
  74  5:54  Gateway  
  71  6:06  Probe x3  
  71  6:11  Warp Prism (Chrono Boost)  
  76  6:15  Nexus  
  76  6:17  Pylon  
  76  6:23  Stalker x4  
  84  6:41  Pylon  
  84  6:44  Immortal (Chrono Boost)  
  84  6:45  Stalker x2  
  92  6:51  Pylon  
  92  6:53  Pylon  
  92  6:55  Pylon  
  92  6:56  Pylon  
  92  7:00  Stalker x4  
  98  7:11  Stalker x3  
  98  7:15  Stalker  
  100  7:22  Immortal  
  102  7:32  Stalker x4  
  103  7:44  Stalker x4  
  103  7:51  Protoss Ground Weapons Level 2 (Chrono Boost)  
  101  8:01  Stalker x4  
  87  8:21  Stalker x4  
  86  8:31  Stalker x4  
  88  8:38  Probe x4  
  92  8:44  Adept  
  92  8:45  Stalker, Adept  
  92  8:46  Stalker  
  100  9:01  Stalker x4  
  104  9:03  Pylon, Probe x3  
  104  9:08  Stalker x3  
  99  9:18  Stalker  
  95  9:24  Stalker  
  95  9:25  Stalker x3  
  95  9:31  Stalker  
  99  9:34  Zealot x2  
  99  9:42  Zealot  
  91  9:48  Zealot x4  
  89  9:54  Zealot x3  
Tags
 
Add a new tag
Caveats
  • Supply blocks, unpowered buildings, or Contaminate may cause inaccurate times.
  • Supply counts are checked every 10 seconds.